 Dungeon Crawl Stone Soup version 0.20.0 (webtiles) character file.

7091 MatthieuS the Impaler (level 10, -4/88 HPs)
             Began as a Minotaur Monk on June 4, 2017.
             Was a High Priest of the Shining One.
             Splashed by a brown ugly thing's acid (10 damage)
             ... on level 10 of the Dungeon.
             The game lasted 00:23:31 (7683 turns).

MatthieuS the Impaler (Minotaur Monk)               Turns: 7683, Time: 00:23:31

Health: -4/88      AC: 10    Str: 19      XL:     10   Next: 84%
Magic:  11/11      EV:  8    Int:  7      God:    the Shining One [*****.]
Gold:   506        SH:  0    Dex: 12 (13) Spells: 9/9 levels left

rFire    . . .     SeeInvis +   I - +3 halberd
rCold    . . .     Gourm    .   (shield currently unavailable)
rNeg     + + .     Faith    +   s - +0 plate armour {MR+}
rPois    .         Spirit   .   (helmet restricted)
rElec    .         Reflect  .   (no cloak)
rCorr    .         Harm     .   (no gloves)
MR       ++...                  (no boots)
Stlth    ..........             r - amulet of faith
Regen    0.3/turn               j - ring of protection from magic
MPRegen  0.2/turn               u - ring of see invisible

@: corroded, glowing
A: retaliatory headbutt, horns 2, talons 1, slimy green scales 1
a: Divine Shield, Cleansing Flame, Summon Divine Warrior, Renounce Religion


You were on level 10 of the Dungeon.
You worshipped the Shining One.
The Shining One was extremely pleased with you.
You were hungry.

You visited 1 branch of the dungeon, and saw 10 of its levels.

You collected 506 gold pieces.

Inventory:

Hand Weapons
 t - a +2 trident of protection
 I - a +3 halberd (weapon)
Missiles
 q - 8 javelins (quivered)
Armour
 s - a +0 plate armour of magic resistance (worn)
 F - a +0 buckler
Jewellery
 h - an uncursed ring of resist corrosion
 j - a ring of protection from magic (left hand)
 r - an amulet of faith (around neck)
 u - a ring of see invisible (right hand)
Scrolls
 a - 2 scrolls of recharging
 b - a scroll of enchant armour
 e - 2 scrolls of magic mapping
 i - 8 scrolls of teleportation
 n - a scroll of blinking
 p - a scroll of noise {unknown}
 w - 3 scrolls of amnesia {unknown}
 x - 3 scrolls of remove curse
 y - 3 scrolls of immolation {unknown}
 z - 3 scrolls of fog {unknown}
 A - a scroll of fear {unknown}
 C - 2 scrolls of vulnerability {unknown}
 G - a scroll of brand weapon {unknown}
Potions
 d - 2 potions of curing
 f - 2 potions of agility
 k - a potion of cancellation
 v - 2 potions of berserk rage {unknown}
 B - 2 potions of heal wounds {unknown}
 E - a potion of brilliance
Comestibles
 c - 11 bread rations
 g - 15 fruits
 l - 3 meat rations
 m - 10 royal jellies


   Skills:
 + Level 8.2 Fighting
   Level 0.7 Short Blades
 * Level 15.4 Polearms
 + Level 6.1 Armour
 + Level 5.5 Dodging
 - Level 2.2 Stealth
 * Level 3.6 Invocations


You had 9 spell levels left.
You didn't know any spells.

Dungeon Overview and Level Annotations

Branches:
Dungeon (10/15)            Temple (0/1) D:5            Lair (0/6) D:8
    Orc: D:9-12

Altars:
Ashenzari
Kikubaaqudgha
Makhleb
Nemelex Xobeh
Qazlal
Ru
Sif Muna
Trog
Vehumet
Xom
Yredelemnul
The Shining One

Shops:
D:8 [


Innate Abilities, Weirdness & Mutations

You reflexively headbutt those who attack you in melee.
You have a pair of horns on your head.
You have sharp toenails.
You are partially covered in slimy green scales. (AC +2)


Message History

The brown ugly thing is heavily wounded.
The brown ugly thing bites you!
You are splashed with acid!
The acid burns!
* * * LOW HITPOINT WARNING * * *
Unknown command.
You are too injured to fight recklessly!
The hippogriff bites you.
* * * LOW HITPOINT WARNING * * *
The hippogriff pecks you.
* * * LOW HITPOINT WARNING * * *
The hippogriff claws you.
* * * LOW HITPOINT WARNING * * *
The brown ugly thing bites you.
* * * LOW HITPOINT WARNING * * *
You are splashed with acid!
The acid burns!
* * * LOW HITPOINT WARNING * * *
There is a stone staircase leading up here.
The brown ugly thing bites you!
* * * LOW HITPOINT WARNING * * *
You are splashed with acid!
The acid burns!
You die...

#.. #.# #.# #.# ######
#####.# #.....#...##.# #.#
#@##[##.# #
#.####u##.##<###.##
#..###.....H.............
>###........................
...).###....#.##.######.###
.###..###..###.##... #
...........# #.######
#####..........#
.....##########


You could see a brown ugly thing and a hippogriff.

Vanquished Creatures
  A hydra (D:8)
  A manticore (D:9)
  The ghost of MatthieuS the Spear-Bearer, a novice MfGl of Ru (D:5)
  The ghost of aesoa the Cutter, an amateur OpFi (D:3)
  2 dream sheep (D:8)
  Sigmund (D:3)
  2 yaks (D:8)
  Eustachio (D:6)
  2 porcupines (D:8)
  3 orc warriors
  2 phantoms
  An ice beast (D:5)
  A black bear (D:7)
  An ogre (D:6)
  A necrophage (D:9)
  5 sky beasts
  6 centaurs
  3 big kobolds (D:8)
  3 bullfrogs
  A water moccasin zombie (D:8)
  3 scorpions
  8 killer bees
  3 wights (D:9)
  4 howler monkeys
  6 crimson imps
  A centaur zombie (D:9)
  A quasit (D:9)
  4 hounds
  A bullfrog skeleton (D:9)
  A centaur skeleton (D:7)
  5 orc priests
  4 orc wizards
  4 iguanas
  Natasha (twice) (D:2)
  8 worker ants
  3 hound zombies (D:8)
  2 hound skeletons
  A worker ant zombie (D:5)
  2 howler monkey skeletons
  4 gnolls
  12 adders
  An adder zombie (D:5)
  An adder skeleton (D:6)
  4 worms
  5 dart slugs
  3 leopard geckos
  27 orcs
  9 bats
  3 giant cockroaches
  2 gnoll zombies (D:5)
  8 goblins
  6 hobgoblins
  18 jackals
  A ball python (D:2)
  3 frilled lizards
  10 kobolds
  A leopard gecko skeleton (D:6)
  7 rats
  A butterfly (D:5)
228 creatures vanquished.

Notes
Turn   | Place    | Note
-------+----------+-------------------------------------------
     0 | D:1      | MatthieuS the Minotaur Monk began the quest for the Orb.
     0 | D:1      | Reached XP level 1. HP: 19/19 MP: 0/0
   149 | D:1      | Reached XP level 2. HP: 25/27 MP: 1/1
   191 | D:1      | Reached skill level 4 in Polearms
   245 | D:1      | Reached XP level 3. HP: 26/33 MP: 2/2
   988 | D:2      | Noticed Natasha
   996 | D:2      | Killed Natasha
   996 | D:2      | Reached XP level 4. HP: 34/41 MP: 3/3
  1117 | D:2      | Found a shimmering altar of Xom.
  1216 | D:2      | Noticed Natasha
  1224 | D:2      | Killed Natasha
  1224 | D:2      | Reached skill level 5 in Polearms
  1801 | D:3      | Reached XP level 5. HP: 46/47 MP: 4/4
  1852 | D:3      | Found a glowing golden altar of the Shining One.
  1866 | D:3      | Became a worshipper of the Shining One
  1866 | D:3      | Reached * piety under the Shining One
  1866 | D:3      | Reached ** piety under the Shining One
  2011 | D:3      | Found a burning altar of Makhleb.
  2047 | D:3      | Found an ancient bone altar of Kikubaaqudgha.
  2054 | D:3      | Noticed Sigmund
  2067 | D:3      | Killed Sigmund
  2067 | D:3      | Reached skill level 6 in Polearms
  2067 | D:3      | Reached skill level 1 in Armour
  2067 | D:3      | Reached XP level 6. HP: 41/53 MP: 5/5
  2088 | D:3      | Noticed aesoa's ghost (amateur OpFi)
  2093 | D:3      | Gained mutation: You are partially covered in slimy green scales. (AC +2) [potion of mutation]
  2093 | D:3      | Gained mutation: You have sharp toenails. [potion of mutation]
  2106 | D:3      | Killed aesoa's ghost
  2106 | D:3      | Reached skill level 5 in Fighting
  2106 | D:3      | Reached skill level 7 in Polearms
  2353 | D:3      | Found a sparkling altar of Nemelex Xobeh.
  2413 | D:3      | Found a sacrificial altar of Ru.
  2418 | D:3      | Reached XP level 7. HP: 61/61 MP: 6/6
  3002 | D:4      | Reached skill level 8 in Polearms
  3337 | D:5      | Entered Level 5 of the Dungeon
  3408 | D:5      | Found a staircase to the Ecumenical Temple.
  3413 | D:5      | Reached skill level 9 in Polearms
  3446 | D:5      | Reached XP level 8. HP: 35/69 MP: 7/7
  3639 | D:5      | Reached skill level 10 in Polearms
  3675 | D:5      | Reached *** piety under the Shining One
  3950 | D:5      | Noticed MatthieuS's ghost (novice MfGl)
  3980 | D:5      | Killed MatthieuS's ghost
  3980 | D:5      | Reached skill level 11 in Polearms
  4217 | D:5      | Found a shimmering altar of Xom.
  4273 | D:5      | Found a basalt altar of Yredelemnul.
  4478 | D:6      | Reached XP level 9. HP: 73/75 MP: 8/8
  4558 | D:6      | Noticed Eustachio
  4563 | D:6      | Reached skill level 12 in Polearms
  4571 | D:6      | Reached **** piety under the Shining One
  4595 | D:6      | Killed Eustachio
  4652 | D:6      | Found a bloodstained altar of Trog.
  4746 | D:6      | Found a burning altar of Makhleb.
  4786 | D:6      | Found a deep blue altar of Sif Muna.
  4820 | D:6      | Noticed a cacodemon
  4823 | D:6      | Noticed a smoke demon
  4860 | D:6      | Found a radiant altar of Vehumet.
  4914 | D:7      | Found a shattered altar of Ashenzari.
  5322 | D:7      | Reached skill level 13 in Polearms
  5322 | D:7      | Reached skill level 5 in Armour
  5884 | D:8      | Reached skill level 5 in Dodging
  5907 | D:8      | Found a staircase to the Lair.
  5918 | D:8      | Reached skill level 1 in Invocations
  5976 | D:8      | Found Otrenyib's Antique Armour Emporium.
  6095 | D:8      | Reached XP level 10. HP: 86/86 MP: 9/9
  6116 | D:8      | Reached skill level 14 in Polearms
  6156 | D:8      | Noticed a three-headed hydra
  6164 | D:8      | Killed a three-headed hydra
  6524 | D:8      | Reached ***** piety under the Shining One
  6811 | D:9      | Noticed a manticore
  6819 | D:9      | Killed a manticore
  6819 | D:9      | Reached skill level 15 in Polearms
  6897 | D:9      | Found a stormy altar of Qazlal.
  7655 | D:10     | Entered Level 10 of the Dungeon
  7667 | D:10     | Noticed a brown ugly thing
  7683 | D:10     | Splashed by a brown ugly thing's acid

Skill      XL: |  1  2  3  4  5  6  7  8  9 10 |
---------------+-------------------------------+-----
Polearms       | 4 5 6 7 9 11 13 15 | 15.4
Fighting       | 4 5 7 8 |  8.2
Dodging        | 4 5 |  5.5
Armour         | 1 2 4 5 6 |  6.1
Stealth        | 2 |  2.2
Invocations    | 1 3 |  3.6
Short Blades   | |  0.7

Action                   |  1- 3 |  4- 6 |  7- 9 | 10-12 || total
-------------------------+-------+-------+-------+-------++-------
Melee: Spear             |    51 |       |       |       ||    51
       Headbutt          |     8 |    11 |    51 |    23 ||    93
       Dagger            |    16 |     1 |       |       ||    17
       Trident           |       |   120 |   370 |   116 ||   606
       Kick              |       |     5 |    89 |    32 ||   126
       Halberd           |       |       |       |    54 ||    54
  Use: Scroll            |       |     7 |     3 |       ||    10
       Potion            |       |     5 |     4 |       ||     9
 Stab: Sleeping          |     3 |     4 |       |       ||     7
  Eat: Chunk             |       |     5 |    12 |     4 ||    21
Armor: Robe              |     4 |       |       |       ||     4
       Leather armour    |     1 |    14 |       |       ||    15
       Scale mail        |       |    19 |   100 |       ||   119
       Ring mail         |       |       |    17 |    36 ||    53
       Plate armour      |       |       |       |    10 ||    10
Dodge: Dodged            |    40 |    53 |   152 |    60 ||   305
